 Dungeon Crawl Stone Soup version 0.24.0-2-g5b39cebb1c (webtiles) character file.

Game seed: 5218734013318348652, levelgen mode: deterministic

2905 Peloso the Carver (level 9, -2/79 HPs)
             Began as a Minotaur Fighter on Oct 31, 2019.
             Was an Initiate of Okawaru.
             Killed by divine providence
             ... invoked by an orc priest
              (16 damage)
             ... on level 8 of the Dungeon.
             The game lasted 00:16:04 (7364 turns).

Peloso the Carver (Minotaur Fighter)                Turns: 7364, Time: 00:16:05

Health: -2/79      AC: 13    Str: 22    XL:     9   Next: 49%
Magic:  8/8        EV:  6    Int:  5    God:    Okawaru [......]
Gold:   379        SH: 11    Dex: 12    Spells: 8/8 levels left

rFire    . . .     SeeInvis .   a - +0 long sword
rCold    . . .     Gourm    .   c - +0 shield
rNeg     . . .     Faith    .   o - +0 plate armour
rPois    .         Spirit   .   (helmet restricted)
rElec    .         Reflect  .   (no cloak)
rCorr    +         Harm     .   (no gloves)
MR       +....                  (no boots)
Stlth    ..........             (no amulet)
HPRegen  0.23/turn              r - ring of protection from magic
MPRegen  0.11/turn              w - ring of resist corrosion

@: lethally poisoned (-2 -> -3), starving
A: retaliatory headbutt, horns 2
a: Renounce Religion


You were on level 8 of the Dungeon.
You worshipped Okawaru.
Okawaru was noncommittal.
You were starving.

You visited 2 branches of the dungeon, and saw 9 of its levels.
You also visited: Ossuary.

You collected 379 gold pieces.

Inventory:

Hand Weapons
 a - a +0 long sword (weapon)
 b - a +0 short sword of flaming
Armour
 c - a +0 shield (worn)
 o - a +0 plate armour (worn)
Jewellery
 r - a ring of protection from magic (left hand)
 w - a ring of resist corrosion (right hand)
Wands
 n - a wand of random effects (18)
 z - a wand of flame (17)
Scrolls
 e - 2 scrolls of identify
 g - 4 scrolls of remove curse
 j - a scroll of fear
 k - 4 scrolls of teleportation
 p - 2 scrolls of magic mapping
 s - a scroll of amnesia {unknown}
 t - a scroll of enchant armour
 u - 3 scrolls of fog
 v - 2 scrolls of noise {unknown}
 x - a scroll of enchant weapon {unknown}
 y - a scroll of brand weapon {unknown}
Potions
 d - 6 potions of might
 h - 2 potions of brilliance {unknown}
 i - 6 potions of heal wounds
 l - 2 potions of cancellation {unknown}
 m - 3 potions of mutation
 q - 2 potions of curing
 A - a potion of berserk rage {unknown}
Comestibles
 f - 16 rations


   Skills:
 + Level 7.6 Fighting
 + Level 10.5 Long Blades
 + Level 7.3 Armour
 + Level 2.8 Dodging
 + Level 1.0 Stealth
 + Level 7.4 Shields


You had 8 spell levels left.
You didn't know any spells.
Your spell library contained the following spells:

 Spells                   Type           Power        Failure   Level  Hunger
 Summon Small Mammal      Summ           #...         100%        1    ##.....
 Call Imp                 Summ           #.......     100%        2    ###....
 Call Canine Familiar     Summ           #.......     100%        3    ####...
 Summon Guardian Golem    Hex/Summ       #.......     100%        3    ####...
 Summon Ice Beast         Ice/Summ       #.......     100%        4    #####..
 Summon Lightning Spire   Summ/Air       #.......     100%        4    #####..


Dungeon Overview and Level Annotations

Branches:
Dungeon (8/15)             Temple (1/1) D:7         Ossuary (visited)
   Lair: D:8-11

Altars:
Ashenzari
Cheibriados
Dithmenos
Elyvilon
Hepliaklqana
Kikubaaqudgha
Makhleb
Nemelex Xobeh
Okawaru
Qazlal
Ru
Trog
Uskayaw
Vehumet
Wu Jian
Xom
Yredelemnul
Zin
The Shining One

Annotations:
D:6 2 runed translucent doors, Linguinho's ghost, novice TrFi


Innate Abilities, Weirdness & Mutations

You reflexively headbutt those who attack you in melee.
You have a pair of horns on your head.


Message History

The water moccasin bites you but does no damage.
The orc barely misses you.
You riposte.
You hit the orc. Your headbutt misses the orc.
The orc is almost dead.
You closely miss the orc.
The orc is almost dead.
You feel sick. The water moccasin bites you.
* * * LOW HITPOINT WARNING * * *
The orc priest calls upon Beogh to heal the orc.
The orc is healed somewhat.
The orc hits you but does no damage.
The orc priest mumbles some strange prayers to Beogh against you.
Beogh smites you!
* * * LOW HITPOINT WARNING * * *
You slash the orc!
You kill the orc!
Okawaru accepts your kill. You block the water moccasin's attack.
The orc priest calls down the wrath of Beogh upon you.
Beogh smites you!
You die...

. .. #.# #.#o #.
##.#.####.
..........##
........?..#
........##.#
[....#.o##.####.#
.....#oo)@......#
...#.#.###S#########
........{..# ..
####..o#### .#
#...#########.#
#...##........#
#...##.#####..#
#........##...###
#####...##.#..<.#...#


You could see a water moccasin, 2 orc priests and an orc.

Vanquished Creatures
  Pikel (D:6)
  Eustachio (D:5)
  An orc warrior (D:5)
  An ice beast (D:6)
  4 ogres
  2 centaurs (D:7)
  An elf skeleton (D:6)
  A water moccasin zombie (D:8)
  2 scorpions
  2 crimson imps (D:5)
  4 hounds
  A bullfrog zombie (D:7)
  4 orc priests
  3 centaur zombies (Ossuary)
  A bullfrog skeleton (D:5)
  An orc wizard (D:5)
  An iguana (D:6)
  4 human skeletons (D:6)
  2 worker ants
  Natasha (D:2)
  2 killer bee zombies (Ossuary)
  13 mummies (Ossuary)
  A hound zombie (Ossuary)
  A hound skeleton (D:5)
  A worker ant zombie (Ossuary)
  A howler monkey zombie (Ossuary)
  12 gnolls
  7 adders
  2 shadow imps (D:8)
  An ooze (D:3)
  4 adder skeletons
  3 adder zombies (Ossuary)
  8 worms
  4 dart slugs (D:1)
  A leopard gecko (D:4)
  22 orcs
  6 bats
  3 giant cockroaches
  7 goblins
  3 hobgoblins
  8 jackals (D:1)
  12 kobolds
  2 quokkas
  2 ball pythons
  4 frilled lizards
  2 jackal skeletons
  A jackal zombie (Ossuary)
  A leopard gecko skeleton (D:4)
  An orc skeleton (D:6)
  A quokka skeleton (D:7)
  4 rats
178 creatures vanquished.

Vanquished Creatures (others)
  A worker ant (D:6)
  A withered plant (Ossuary)
2 creatures vanquished.

Grand Total: 180 creatures vanquished

Notes
Turn   | Place    | Note
-------+----------+-------------------------------------------
     0 | D:1      | Peloso the Minotaur Fighter began the quest for the Orb.
     0 | D:1      | Reached XP level 1. HP: 19/19 MP: 0/0
    50 | D:1      | Reached XP level 2. HP: 11/27 MP: 1/1
   179 | D:1      | Reached XP level 3. HP: 6/33 MP: 2/2
  1031 | D:2      | Reached skill level 3 in Long Blades
  1232 | D:2      | Reached XP level 4. HP: 30/40 MP: 3/3
  1295 | D:2      | Noticed Natasha
  1317 | D:2      | Killed Natasha
  1656 | D:3      | Reached skill level 4 in Long Blades
  1899 | D:3      | Reached XP level 5. HP: 24/46 MP: 4/4
  2684 | D:2      | Reached skill level 5 in Long Blades
  3134 | D:4      | Reached XP level 6. HP: 41/53 MP: 5/5
  3219 | D:4      | Reached skill level 5 in Armour
  3342 | D:4      | Reached skill level 1 in Dodging
  3354 | D:4      | Reached skill level 5 in Shields
  3384 | D:4      | Reached skill level 5 in Fighting
  3721 | D:5      | Entered Level 5 of the Dungeon
  3788 | D:5      | Reached skill level 6 in Long Blades
  3922 | D:5      | Reached XP level 7. HP: 46/61 MP: 6/6
  4474 | D:5      | Noticed Eustachio
  4498 | D:5      | Killed Eustachio
  4576 | D:5      | Reached skill level 7 in Long Blades
  4897 | D:5      | Noticed an angel
  4898 | D:5      | Found a glowing silver altar of Zin.
  5026 | D:6      | Found a large runed translucent door.
  5026 | D:6      | Found a large runed translucent door.
  5027 | D:6      | Noticed Linguinho's ghost (novice TrFi)
  5116 | D:6      | Noticed Pikel
  5128 | D:6      | Killed Pikel
  5128 | D:6      | Reached skill level 8 in Long Blades
  5128 | D:6      | Reached XP level 8. HP: 63/70 MP: 7/7
  5218 | D:6      | Found a sand-covered staircase.
  5226 | D:6      | Reached skill level 9 in Long Blades
  5230 | Ossuary  | Entered an ossuary
  5587 | Ossuary  | Reached XP level 9. HP: 44/78 MP: 8/8
  6834 | D:7      | Reached skill level 10 in Long Blades
  6961 | D:7      | Reached skill level 1 in Stealth
  6969 | D:7      | Found a staircase to the Ecumenical Temple.
  6975 | Temple   | Entered the Ecumenical Temple
  7015 | Temple   | Became a worshipper of Warmaster Okawaru
  7364 | D:8      | Killed from afar by an orc priest

Levels and vault maps discovered:
D:1:      saegor_arrival_simple_e, layout_basic
D:2:      layout_loops_ring, nrook_campfire, chequers_decorated_corner,
          kennysheep_boxes, uniq_natasha
D:3:      layout_rooms
D:4:      layout_loops_ring, first_ration, minmay_door_square
D:5:      layout_loops_cross, zin_angel, uniq_eustachio
D:6:      layout_loops_ring, nicolae_ossuary_entry_catacombs,
          ebering_ghost_disaster_area, uniq_pikel
D:7:      layout_basic, temple_green
D:8:      layout_loops_cross
Temple:   compressed_dpeg_circular_temple

Skill      XL: |  1  2  3  4  5  6  7  8  9 |
---------------+----------------------------+-----
Shields        | 4 5 6 7 |  7.4
Fighting       | 4 5 6 7 |  7.6
Armour         | 4 5 6 7 |  7.3
Long Blades    | 3 4 5 6 8 9 10 | 10.5
Dodging        | 1 2 |  2.8
Stealth        | 1 |  1.0

Action                   |  1- 3 |  4- 6 |  7- 9 || total
-------------------------+-------+-------+-------++-------
Melee: Long sword        |   117 |   186 |   357 ||   660
       Headbutt          |    17 |    43 |    87 ||   147
  Use: Potion            |     4 |       |     4 ||     8
       Scroll            |       |       |     9 ||     9
 Stab: Distracted        |       |       |     1 ||     1
  Eat: Chunk             |     1 |     8 |     7 ||    16
       Ration            |       |       |     1 ||     1
Armor: Scale mail        |   112 |    41 |       ||   153
       Chain mail        |       |    15 |     5 ||    20
       Plate armour      |       |       |   115 ||   115
Dodge: Dodged            |    52 |    46 |    55 ||   153
Block: Shield            |    95 |   106 |   144 ||   345
       Rpst.: Long sword |    13 |     8 |    15 ||    36
